 BcadrenCrawl: Boulder Brew version 0.06-744-gf22570f5e0 (webtiles) character file.

Game seed: 6955774066977632837

178 LabCoat the Skirmisher (level 5, -1/69 HPs) Hill Orc Fighter. Began on Mar 8, 2023. Succumbed to a water moccasin's poison ... on level 1 of the Dungeon. The game lasted 00:04:02 (1010 turns).

LabCoat the Skirmisher (Hill Orc Fighter)           Turns: 1010, Time: 00:04:02

Health: -1/69      AC:  7    Str: 26    XL:     5 ^: 64
Magic:  5/5        EV:  9    Int:  8    God:
Gold:   56         SH:  8    Dex: 15    Spells: 4/4 levels left

rFire    . . .     Slash    .   a - +0 war axe
rCold    . . .     Pierce   .   c - +0 heater shield
rNeg     . . .     Bludgeon .   b - +0 scale mail
rCorr    . . .     Vision   .   (no helmet)
rPois    .         Gourm    .   (no cloak)
rElec    .         Faith    .   (no gloves)
MR       .....     Spirit   .   (no boots)
HPRegen  0.33/turn Reflect  .   (no amulet)
MPRegen  0.15/turn Harm     .   e - ring of dexterity
Stlth    ..........             (no ring)

@: lethally poisoned (-1 -> -32), very slightly contaminated
A: STR +6, soft flesh
a: no special abilities


You were on level 1 of the Dungeon.
You were not hungry.

You visited 1 branch of the dungeon, and saw 2 of its levels.

You collected 56 gold pieces.

Inventory:

Weapons
 a - a +0 war axe (weapon)
 i - a +0 hand crossbow Shields
 c - a +0 heater shield (shield)
Armour
 b - a +0 scale mail (worn)
Jewellery
 e - a ring of dexterity (left hand)
 j - a cursed amulet of reflection {(Curse: *Tele)}
Potions
 d - a potion of cure mutation
 h - 2 potions of magic
 m - a potion of mutation
Comestibles
 f - 3 rations
 g - 3 chunks of flesh


   Skills:
 * Level 4.9 Fighting
 * Level 4.3 Axes & Hammers
 + Level 3.8 Armour
 * Level 1.9 Dodging
 + Level 3.8 Shields


You had 4 spell levels left.
You didn't know any spells.
Your spell library was empty.

Dungeon Overview and Level Annotations

Branches:
Dungeon (2/8)

Altars:


Innate Abilities, Weirdness & Mutations

((Your soft flesh is weak to deep cuts.
Heavy manmade armour will nullify this weakness. (rSlashing-)))
You are extremely strong. (STR +6)


Message History

You slash the water moccasin (8)!
It is lacerated severely!
You kill the water moccasin!
Your Axes & Hammers skill increases to level 4!
You have reached level 5!
You feel strong.
You feel less invigorated.
You feel less confused.
* * * LOW HITPOINT WARNING * * *
You feel very sick. (6)
The sewer rat bites you (5).
* * * LOW HITPOINT WARNING * * *
Okay, then.
You hit the sewer rat (3).
It is lacerated severely!
The sewer rat is heavily wounded. (5/11) HP
* * * LOW HITPOINT WARNING * * *
You feel very sick. (6)
The sewer rat bites you but does no damage.
You hit the sewer rat but do no damage.
The sewer rat is heavily wounded. (5/11) HP You die...

### #.# #.#
###############.#
#...........@r..#
#####.#############.#
......# ##.###
#.....######## #.Sr.#
.....##......#####...≈#
.............'......≈>#
.....#.......##.#...#≈#
.....#.......##.#.#...#
##+###.......##.#.###.#


You could see a sewer rat.

Vanquished Creatures
  A water moccasin (D:1)
  2 giant cockroaches (D:1)
  A cinder newt (D:1)
  A worm (D:1)
  An ooze (D:1)
  4 goblins (D:1)
  5 hobgoblins (D:1)
  A ball python (D:1)
  4 bats (D:1)
  9 kobolds
  3 rats (D:1)
32 creatures vanquished.

Vanquished Creatures (others)
  A cinder newt (D:1)
  A withered plant (D:2)
2 creatures vanquished.

Grand Total: 34 creatures vanquished

Notes
Turn   | Place    | Note
-------+----------+-------------------------------------------
     0 | D:1      | LabCoat the Hill Orc Fighter began the quest for the Orb.
     0 | D:1      | Reached XP level 1. HP: 29/29 MP: 1/1
   100 | D:1      | Reached XP level 2. HP: 32/39 MP: 2/2
   222 | D:1      | Reached XP level 3. HP: 37/49 MP: 3/3
   371 | D:1      | Reached skill level 1 in Dodging
   520 | D:1      | Reached XP level 4. HP: 40/59 MP: 4/4
   989 | D:2      | Noticed a big kobold
   992 | D:2      | Noticed a water moccasin
   994 | D:2      | Noticed a water moccasin
  1008 | D:1      | Killed a water moccasin
  1008 | D:1      | Reached XP level 5. HP: 15/69 MP: 5/5
  1010 | D:1      | Succumbed to a water moccasin's poison

Illustrated notes

Levels and vault maps discovered:
D:1:      ncdulo_wetmaze, layout_basic, cheibrodos_sewer_entry_bend
D:2:      layout_sewer, gammafunk_temple_overflow_wave, sewer_co_tree,
          chequers_ecumenical_altar_simple, minmay_goblin_outpost

Skill      XL: |  1  2  3  4 |
---------------+-------------+-----
Axes & Hammers | 3 4 |  4.3
Fighting       | 4 |  4.9
Dodging        | 1 |  1.9
Armour         | |  3.8
Shields        | |  3.8

Action                   |  1- 3 |  4- 6 || total
-------------------------+-------+-------++-------
Melee: War axe           |    26 |    26 ||    52
Throw: Skull             |     9 |       ||     9
       Stone             |     8 |       ||     8
       Bone              |     3 |       ||     3
       Rusty metal       |     2 |       ||     2
  Use: Potion            |     1 |     2 ||     3
       Scroll            |       |     2 ||     2
Armor: Scale mail        |    16 |    16 ||    32
Dodge: Dodged            |     4 |     2 ||     6
Block: Heater shield     |    15 |    13 ||    28
